 Dungeon Crawl Stone Soup version 0.31.0-32-g396128a36d (webtiles) character file.

Game seed: 16542449624972477905

6269 KittyFluff the Mimic (level 10, -4/78 (96) HPs)
             Began as a Troll Shapeshifter on Apr 12, 2024.
             Was a Believer of Trog.
             Killed from afar by Josephine (28 damage)
             ... with a ghostly fireball
             ... on level 10 of the Dungeon.
             The game lasted 00:44:53 (8117 turns).

KittyFluff the Mimic (Troll Shapeshifter)           Turns: 8117, Time: 00:44:54

HP:   -4/78 (96)    AC: 18    Str: 31    XL:     10   Next: 62%
MP:   9/9           EV:  9    Int:  6    God:    Trog [**....]
Gold: 420           SH:  0    Dex:  9    Spells: 9/9 levels left

rFire   . .          .
                       - Unarmed
rCold   . . .        x - +0 kite shield
rNeg    . . .        Q - +0 swamp dragon scales
rPois   +            (helmet currently unavailable)
rElec   .            (cloak currently unavailable)
rCorr   .            (gloves unavailable)
SInv    .            (boots unavailable)
Will    .....        k - amulet of Uveochya {Reflect Rampage Str+3 SH+5} Stlth
                     V - +4 ring of protection
HPRegen 1.13/turn    t - +4 ring of protection
MPRegen 0.11/turn

%: reflection, rampage
@: confused, beast-form, ambrosia-drunk, heavily drained
A: beast (slay +4), large, unfitting armour, claws 3, regeneration 1, shaggy fur
1, tough skin 1
a: Begin Untransformation, Renounce Religion, Berserk, Trog's Hand


You were on level 10 of the Dungeon.
You worshipped Trog.
Trog was pleased with you.
You were a hulking beast.
You visited 1 branch of the dungeon, and saw 10 of its levels.

You collected 550 gold pieces.
You spent 130 gold pieces at shops.

Inventory:

Hand Weapons
 a - a +7 spear of freezing
 f - a +0 sling
 r - a +0 morningstar
 P - a +2 broad axe of flaming
 U - the +6 quarterstaff of Painted Watchfulness {freeze, rCorr Str+2}
   (You found it on level 8 of the Dungeon)

   Str+2:     It affects your strength (+2).
   rCorr:     It protects you from acid and corrosion.
 Y - a +2 antimagic trident
Missiles
 l - 94 stones (quivered)
 o - 14 boomerangs
 s - 4 large rocks
 z - 14 poisoned darts
 X - a throwing net
Armour
 x - a +0 kite shield (worn)
 O - a +2 robe of willpower
 Q - +0 swamp dragon scales (worn)
 R - +0 steam dragon scales
 S - a +0 tower shield
Jewellery
 k - the amulet of Uveochya (around neck) {Reflect Rampage Str+3 SH+5}
   (You found it on level 9 of the Dungeon)

   [amulet of reflection]

   Reflect:   It reflects blocked missile attacks.
   Str+3:     It affects your strength (+3).
   SH+5:      It affects your SH (+5).
   Rampage:   It bestows one free step when moving towards enemies.
 p - a ring of flight
 t - a +4 ring of protection (right claw)
 v - a +6 ring of dexterity
 D - a ring of protection from cold
 F - the ring of the Moon {*Corrode rPois MP+9 Int+5 Stlth+}
   (You bought it in a shop on level 9 of the Dungeon)

   [ring of poison resistance]

   Int+5:     It affects your intelligence (+5).
   rPois:     It protects you from poison MP+9: It affects your magic capacity
   (+9).
   *Corrode:  It may corrode you when you take damage.
   Stlth+:    It makes you more stealthy.
 V - a +4 ring of protection (left claw)
Talismans
 c - a beast talisman
 d - a flux talisman
Wands
 i - a wand of mindburst (10)
 n - a wand of roots (22)
 q - a wand of light (26)
 K - a wand of flame (21)
 T - a wand of paralysis (11)
 Z - a wand of polymorph (3)
Scrolls
 g - a scroll of poison {unknown}
 j - a scroll of amnesia {unknown}
 m - a scroll of summoning {unknown}
 y - 4 scrolls of teleportation {unknown}
 A - a scroll of blinking {unknown}
 B - 5 scrolls of fog {unknown}
 E - 2 scrolls of enchant armour {unknown}
 J - 2 scrolls of noise {unknown}
 M - a scroll of enchant weapon
Potions
 b - 3 potions of lignification
 e - 5 potions of curing
 h - 2 potions of brilliance {unknown}
 u - 3 potions of cancellation
 w - a potion of haste
 C - 3 potions of attraction
 H - a potion of invisibility
 I - a potion of mutation {unknown}
 L - a potion of resistance
 N - a potion of might


   Skills:
 + Level 5.0 Fighting
 + Level 5.2 Throwing
 + Level 3.1 Armour
 + Level 5.1 Dodging
 + Level 4.9 Shields
 + Level 6.6 Unarmed Combat
 * Level 8.4 Shapeshifting


You had 9 spell levels left.
You didn't know any spells.
Your spell library contained the following spells:

 Spells                   Type           Power      Damage    Failure   Level
 Necrotise                Necr           0%         1d4       77%         1
 Call Imp                 Summ           0%         N/A       88%         2
 Lesser Beckoning         Tloc           0%         N/A       88%         2
 Mercury Vapours          Alch/Air       0%         N/A       88%         2
 Sublimation of Blood     Necr           0%         N/A       88%         2
 Gell's Gravitas          Tloc           0%         N/A       98%         3
 Mephitic Cloud           Conj/Alch/Air  0%         N/A       98%         3
 Teleport Other           Tloc           0%         N/A       98%         3
 Vampiric Draining        Necr           0%         2d6       98%         3
 Martyr's Knell           Necr/Summ      0%         N/A       100%        4
 Curse of Agony           Necr           0%         N/A       100%        5
 Freezing Cloud           Conj/Ice/Air   0%         6-21      100%        5
 Summon Hydra             Summ           0%         N/A       100%        7


Dungeon Overview and Level Annotations

Branches:
Dungeon (10/15)            Temple (0/1) D:7            Lair (0/5) D:10
    Orc: D:9-12

Altars:
Ashenzari
Kikubaaqudgha
Makhleb
Okawaru
Qazlal
Trog
Vehumet
Yredelemnul
Zin

Shops:
D:4 *:(   D:9 *

Annotations:
D:9 1 runed translucent door
D:10 Josephine


Innate Abilities, Weirdness & Mutations

You are a hulking beast.
Your limbs bulge with bestial killing power. (Slay +4)
You are too large for most types of armour.
You have claws for hands.
Your natural rate of healing is unusually fast.
You are covered in fur. (AC +1)
You have tough skin. (AC +1)


Message History

Josephine hits you but does no damage.
You mangle Josephine!!
Josephine is heavily wounded.
You block Josephine's attack.
You barely miss Josephine.
Josephine is heavily wounded.
You barely miss Josephine.
Josephine is heavily wounded.
Josephine draws life force from you!
Josephine is healed by the life force!
You mangle Josephine!!
Josephine is severely wounded.
Josephine gestures at you while chanting.
The ghostly flame explodes!
The ghostly fireball engulfs you but does no damage.
The ghostly fireball engulfs Josephine.
Josephine completely resists.
You scratch Josephine.
Josephine is severely wounded.
Josephine casts a spell at you.
The ghostly flame explodes!
The ghostly fireball engulfs you!
You feel drained.
The ghostly fireball engulfs Josephine.
Josephine completely resists.
You scratch Josephine.
Josephine is almost dead.
Josephine points at you and mumbles some strange words.
The ghostly flame explodes!
The ghostly fireball engulfs you!!
You feel drained.
* * * LOW HITPOINT WARNING * * *
The ghostly fireball engulfs Josephine.
Josephine completely resists.
You feel much better. Josephine closely misses you.
You completely miss Josephine.
Josephine is almost dead.
Josephine casts a spell at you.
The ghostly flame explodes!
The ghostly fireball engulfs you!
You feel drained.
* * * LOW HITPOINT WARNING * * *
The ghostly fireball engulfs Josephine.
Josephine completely resists.
You are confused.
You feel invigorated.
Josephine points at you and mumbles some strange words.
The ghostly flame explodes!
The ghostly fireball engulfs you!!
You feel drained.
You die...

##.## #..# #####.##
#.....# #.###.####
#........# .
#........## ...
##..#.#...#####W....
#...<......h@WWO...
#..#.#...#####W[...
#.......## ...
#.......# ?
#########


You could see Josephine, a two-headed ogre and 4 wraiths.

Vanquished Creatures
  A two-headed ogre (D:9)
  An unseen horror (D:10)
  Maggie (D:6)
  2 wraiths
  A yak (D:8)
  A wyvern (D:5)
  4 steam dragons
  3 water moccasins
  3 orc warriors
  2 sky beasts
  5 black bears
  3 ogres
  4 centaurs
  2 kobold brigands
  3 bullfrogs
  5 gnoll sergeants
  A scorpion (D:4)
  2 wights (D:8)
  7 killer bees
  8 howler monkeys
  A bombardier beetle (D:4)
  4 hounds
  2 jellies
  A gnoll bouda (D:8)
  4 orc priests
  A sleepcap (D:5)
  3 iguanas
  2 orc wizards (D:6)
  7 adders
  20 gnolls
  2 white imps
  A dart slug (D:1)
  17 orcs
  4 bats
  6 endoplasms
  3 giant cockroaches
  7 hobgoblins
  6 jackals
  16 kobolds
  2 quokkas
  3 ball pythons
  6 frilled lizards
  9 goblins
  A jackal skeleton (D:9)
  A jackal zombie (D:9)
  A kobold skeleton (D:9)
  12 rats
201 creatures vanquished.

Notes
Turn   | Place    | Note
-------+----------+-------------------------------------------
     0 | D:1      | KittyFluff the Troll Shapeshifter began the quest for the
                  | Orb.
     0 | D:1      | Reached XP level 1. HP: 18/18 MP: 0/0
   237 | D:1      | Reached skill level 1 in Fighting
   239 | D:1      | Reached XP level 2. HP: 25/27 MP: 1/1
   281 | D:1      | Found a faded altar of an unknown god.
  1227 | D:2      | Reached XP level 3. HP: 30/33 MP: 2/2
  1729 | D:2      | Reached XP level 4. HP: 40/41 MP: 3/3
  2033 | D:3      | Noticed a bullfrog
  2040 | D:3      | Killed a bullfrog
  2041 | D:3      | Reached skill level 4 in Shapeshifting
  2044 | D:3      | Found a stormy altar of Qazlal.
  2096 | D:3      | Reached XP level 5. HP: 49/49 MP: 4/4
  2103 | D:3      | Found a radiant altar of Vehumet.
  2584 | D:4      | Found Ofaviong's Tiny Tomes.
  2717 | D:4      | Found Kall's Weapon Shoppe.
  2788 | D:4      | Noticed a black bear
  2803 | D:4      | Killed a black bear
  2804 | D:4      | Reached skill level 1 in Throwing
  2804 | D:4      | Reached skill level 1 in Shields
  2944 | D:4      | Found Etewaol's Fire Supplies.
  3178 | D:4      | Noticed a black bear
  3188 | D:4      | Killed a black bear
  3189 | D:4      | Reached XP level 6. HP: 54/57 MP: 5/5
  3448 | D:4      | Found an ancient bone altar of Kikubaaqudgha.
  3572 | D:4      | Reached XP level 7. HP: 62/66 MP: 6/6
  3665 | D:5      | Entered Level 5 of the Dungeon
  3696 | D:4      | Reached skill level 5 in Shapeshifting
  3794 | D:5      | Found a glowing silver altar of Zin.
  3973 | D:5      | Noticed a wyvern
  3980 | D:5      | Killed a wyvern
  4166 | D:5      | Found a burning altar of Makhleb.
  4406 | D:5      | Reached XP level 8. HP: 75/75 MP: 7/7
  4473 | D:6      | Reached skill level 5 in Unarmed Combat
  4473 | D:6      | Reached skill level 6 in Shapeshifting
  4529 | D:6      | You fall into a shaft and drop 2 floors!
  4690 | D:6      | Found a bloodstained altar of Trog.
  4691 | D:6      | Noticed Maggie
  4710 | D:6      | Killed Maggie
  4797 | D:6      | Became a worshipper of Trog the Wrathful
  4828 | D:6      | Reached XP level 9. HP: 60/84 MP: 8/8
  5366 | D:6      | Reached skill level 1 in Armour
  5963 | D:7      | Reached skill level 7 in Shapeshifting
  6285 | D:7      | Found a staircase to the Ecumenical Temple.
  6416 | D:7      | Reached * piety under Trog
  6431 | D:8      | Identified the +6 quarterstaff of Painted Watchfulness
                  | {freeze, rCorr Str+2}
  7233 | D:9      | Reached XP level 10. HP: 86/89 MP: 9/9
  7240 | D:9      | Reached ** piety under Trog
  7332 | D:9      | Found Rianuch's Assorted Antiques.
  7361 | D:9      | Bought a slimy carnelian ring for 130 gold pieces
  7361 | D:9      | Identified the ring of the Moon {*Corrode rPois MP+9 Int+5
                  | Stlth+} (You bought it in a shop on level 9 of the Dungeon)
  7532 | D:9      | Found a runed translucent door.
  7543 | D:9      | Found a basalt altar of Yredelemnul.
  7640 | D:9      | Found a broken altar of Ashenzari.
  7642 | D:9      | Identified the amulet of Uveochya {Reflect Rampage Str+3
                  | SH+5}
  7681 | D:9      | Reached skill level 8 in Shapeshifting
  7769 | D:9      | Noticed a two-headed ogre
  7778 | D:9      | Killed a two-headed ogre
  7779 | D:9      | Reached skill level 5 in Throwing
  7796 | D:9      | Found an iron altar of Okawaru.
  7900 | D:10     | Entered Level 10 of the Dungeon
  7910 | D:10     | Reached skill level 5 in Dodging
  7973 | D:10     | Reached skill level 5 in Fighting
  8020 | D:10     | Found a staircase to the Lair.
  8101 | D:10     | Noticed Josephine
  8106 | D:10     | Noticed a two-headed ogre
  8117 | D:10     | Killed from afar by Josephine

Illustrated notes

Levels and vault maps discovered:
D:1:      heliophobic_arrival_ceremonial_halls, layout_basic,
          shapermc_ecumenical_altar_mp_urbaneastern
D:2:      layout_loops_ring
D:3:      layout_loops_ring, mainiacjoe_overflow_surrounded_room,
          mainiacjoe_overflow_chevrons
D:4:      nicolae_cairo_tiling_large_dashed, layout_layer_cave,
          mainiacjoe_overflow_alcove_4, serial_shops, shop,
          nicolae_shop_i_like_small_books_too, grunt_ministairs_5, minivault_24,
          nicolae_shop_fire_sale [nicolae_sub_dead_trees]
D:5:      layout_loops_ring, mainiacjoe_overflow_concentric_impassable,
          nicolae_overflow_crystal_walls
D:6:      layout_basic, old_standard_altar, hangedman_abyss_or_decor_slice,
          kennysheep_potato, uniq_maggie
D:7:      layout_basic, minmay_temple_entry_glassed_door,
          kennysheep_windowed_goal
D:8:      layout_rooms, minmay_misc_feat_enclosed, minmay_alternating_orb
D:9:      layout_roguey, dk_yredelemnul_ordeal, lemuel_round_altar,
          nicolae_overflow_hidden_temple, serial_shops,
          nicolae_shop_advertising_works [nicolae_subvault_shop_adworks]
D:10:     minmay_the_grid_four_pointed_star_mashed
          [minmay_the_grid_triangle_9x9_limited_checkers,
          minmay_the_grid_triangle_9x9_checkered,
          minmay_the_grid_triangle_9x9_corrupted_corridor,
          minmay_the_grid_triangle_9x9_skeleton,
          minmay_the_grid_prize_big_room], layout_rooms, lemuel_blue_sif_altar,
          dpeg_oklobed_lair, st_stairs_14, water_maze_lemuel, uniq_josephine

Skill      XL: |  1  2  3  4  5  6  7  8  9 10 |
---------------+-------------------------------+-----
Fighting       | 1 2 3 4 5 |  5.0
Dodging        | 2 3 4 5 |  5.1
Shapeshifting  | 4 5 6 7 8 |  8.4
Throwing       | 1 2 3 4 5 |  5.2
Shields        | 1 2 3 4 |  4.9
Unarmed Combat | 4 5 6 |  6.6
Armour         | 2 3 |  3.1

Action                     |  1- 3 |  4- 6 |  7- 9 | 10-12 || total
---------------------------+-------+-------+-------+-------++-------
  Melee: Unarmed           |   101 |    63 |   301 |   153 ||   618
         Punch             |     3 |       |       |       ||     3
  Throw: Stone             |       |       |    25 |       ||    25
    Use: Scroll            |       |       |    11 |       ||    11
         Potion            |       |       |       |     2 ||     2
   Stab: Sleeping          |     2 |       |       |       ||     2
         Distracted        |       |     1 |       |       ||     1
 Armour: Animal skin       |     7 |       |       |       ||     7
         Robe              |    39 |    61 |    84 |       ||   184
         Swamp dragon scal |       |       |   116 |    76 ||   192
  Dodge: Dodged            |    32 |    17 |    88 |    30 ||   167
  Block: Kite shield       |       |    28 |   157 |    60 ||   245
         Reflection        |       |       |     7 |       ||     7
